 Dungeon Crawl Stone Soup version 0.20.1-1-g8b1a95d (webtiles) character file.

69 Internecine the Vexing (level 4, -1/41 HPs)
             Began as a Troll Arcane Marksman on Sept 23, 2017.
             Slain by a worm (4 damage)
             ... on level 3 of the Dungeon.
             The game lasted 00:21:28 (1727 turns).

Internecine the Vexing (Troll Arcane Marksman)      Turns: 1727, Time: 00:21:29

Health: -1/41      AC:  5    Str: 16 (18) XL:     4   Next: 2%
Magic:  4/4        EV: 10    Int:  7 (9)  God:
Gold:   27         SH:  0    Dex:  9 (11) Spells: 4/5 levels left

rFire    . . .     SeeInvis .   h - -3 whip (curse)
rCold    . . .     Gourm    +   (no shield)
rNeg     . . .     Faith    +   o - +0 robe (curse)
rPois    .         Spirit   .   (helmet restricted)
rElec    .         Reflect  .   (no cloak)
rCorr    .         Harm     .   (gloves unavailable)
MR       .....                  (boots unavailable)
Stlth    +.........             y - amulet of faith
Regen    0.6/turn               (no ring)
MPRegen  0.1/turn               (no ring)

@: no status effects
A: unfitting armour, claws 3, fast metabolism 3, gourmand, regeneration 1,
shaggy fur 1, tough skin 2
a: no special abilities


You were on level 3 of the Dungeon.
You were full.

You visited 1 branch of the dungeon, and saw 3 of its levels.

You collected 27 gold pieces.

Inventory:

Hand Weapons
 a - a +0 hand crossbow
 h - a cursed -3 whip (weapon)
 i - a +0 dagger
 k - a +0 dagger
 q - a +0 dagger
 r - a +0 short sword
 t - a +0 short sword
 v - a +1 dagger of pain
 x - a cursed +0 hand axe
Missiles
 d - 10 bolts
 g - 30 sling bullets
 l - 46 stones (quivered)
 m - 20 arrows
 u - 10 poisoned needles
Armour
 b - a +0 robe
 e - a +0 robe
 o - a cursed +0 robe (worn)
Jewellery
 y - an amulet of faith (around neck)
Wands
 w - a wand of digging (10/24)
Scrolls
 j - a scroll of identify
 p - a scroll of recharging
Potions
 s - a potion of degeneration
Books
 c - a book of Debilitation

   Spells                             Type                      Level
   a - Corona                         Hexes                        1
   b - Slow                           Hexes                        2
   c - Inner Flame                    Hexes/Fire                   3
   d - Portal Projectile              Hexes/Translocation          3
   e - Cause Fear                     Hexes                        4
   f - Leda's Liquefaction            Hexes/Earth                  4
Comestibles
 f - a bread ration
 n - 3 chunks of flesh


   Skills:
 + Level 1.0 Fighting
 + Level 0.1 Maces & Flails
 + Level 2.1 Crossbows
 + Level 0.3 Throwing
 + Level 1.9 Dodging
 + Level 1.1 Spellcasting
 + Level 2.3 Hexes


You had 4 spell levels left.
You knew the following spells:

 Your Spells              Type           Power        Failure   Level  Hunger
a - Corona                Hex            #......      16%         1    ##.....


Dungeon Overview and Level Annotations

Branches:
Dungeon (2/15)

Altars:


Innate Abilities, Weirdness & Mutations

You are too large for most types of armour.
You have claws for hands.
Your metabolism is lightning-fast.
You like to eat raw meat.
Your natural rate of healing is unusually fast.
You are covered in fur. (AC +1)
You have very tough skin. (AC +2)


Message History

* * * LOW HITPOINT WARNING * * *
You hit the worm.
The worm is heavily wounded.
The worm bites you but does no damage.
You hit the worm.
The worm is heavily wounded.
You hit the worm but do no damage.
The worm is heavily wounded.
The worm bites you!
* * * LOW HITPOINT WARNING * * *
You are not religious.
You barely miss the worm.
The worm is heavily wounded.
The worm closely misses you.
You hit the worm but do no damage.
The worm is heavily wounded.
You hit the worm.
The worm is heavily wounded.
The worm bites you.
You die...

# #. #...#
#.#.###...###
####.#.........#
#........#...#.#
#............#.#
#........###.# # .
#........###.# (..
#............#.(...
#..........@w((...(
#..................
#...............###
#..................
#...............###
#......#.#.######
####.#.#.#.#
#.#.#.#.# #.#.#.#.#


You could see a worm.

Vanquished Creatures
  A gnoll (D:1)
  2 adders
  An ooze (D:1)
  A worm (D:3)
  3 giant cockroaches
  2 hobgoblins (D:1)
  4 jackals (D:1)
  2 ball pythons (D:1)
  A frilled lizard (D:1)
  2 goblins (D:1)
  9 kobolds (D:1)
  8 rats
36 creatures vanquished.

Vanquished Creatures (others)
  A plant (D:1)
1 creature vanquished.

Grand Total: 37 creatures vanquished

Notes
Turn   | Place    | Note
-------+----------+-------------------------------------------
     0 | D:1      | Internecine the Troll Arcane Marksman began the quest for the Orb.
     0 | D:1      | Reached XP level 1. HP: 18/18 MP: 1/1
   108 | D:1      | Reached XP level 2. HP: 26/26 MP: 2/2
   186 | D:1      | Reached skill level 1 in Fighting
   282 | D:1      | Reached XP level 3. HP: 33/33 MP: 3/3
  1454 | D:2      | You fall through a shaft!
  1673 | D:3      | Reached XP level 4. HP: 19/41 MP: 4/4
  1724 | D:3      | HP: 1/41 [worm (11)]
  1727 | D:3      | Slain by a worm

Skill      XL: |  1  2  3 |
---------------+----------+-----
Fighting       | 1 |  1.0
Crossbows      | 2 |  2.1
Maces & Flails | |  0.1
Throwing       | |  0.3
Dodging        | |  1.9
Spellcasting   | |  1.1
Hexes          | |  2.3

Action                   |  1- 3 |  4- 6 || total
-------------------------+-------+-------++-------
Melee: Whip              |   129 |    18 ||   147
 Fire: Hand crossbow     |    54 |       ||    54
Throw: Stone             |    31 |     6 ||    37
  Use: Potion            |     2 |       ||     2
       Scroll            |     1 |       ||     1
  Eat: Chunk             |    12 |     1 ||    13
       Bread ration      |     1 |       ||     1
Armor: Robe              |    62 |     1 ||    63
Dodge: Dodged            |   100 |     4 ||   104
